Map: Ice and Chrome LE

Players

PtitDrogo - Winner!

  • Race: Protoss Protoss
  • Spawn Location: 1:00

HeroMarine

  • Race: Terran Terran
  • League: Master
  • Spawn Location: 7:00

Event: DreamHack SC2 Masters 2020 Fall

VOD

Have the link to the VOD?

Description

Time

  • Played on: Sept. 8, 2020, 3:54 p.m.
  • Length: 9:21

All games in this series

Show
View Real Time Build Order
Export as new Build Order

PtitDrogo Protoss - Winner!

Build Orders: 1 Gate Expand, Blink Stalkers, Zealot Archon, Colossus Rush 

Get SALT Encoding   

  12  0:00  Probe  
  13  0:12  Probe  
  14  0:17  Pylon  
  14  0:24  Probe (Chrono Boost)  
  15  0:35  Gateway  
  15  0:36  Probe (Chrono Boost)  
  16  0:45  Probe (Chrono Boost)  
  16  0:46  Assimilator  
  17  0:51  Probe  
  18  1:03  Probe  
  19  1:15  Probe  
  20  1:22  Cybernetics Core  
  20  1:30  Nexus  
  20  1:38  Pylon  
  20  1:40  Probe  
  21  1:48  Assimilator  
  21  1:52  Probe  
  22  1:55  Adept (Chrono Boost)  
  24  2:03  Shield Battery  
  24  2:05  Probe  
  24  2:08  Warp Gate  
  25  2:15  Stalker (Chrono Boost)  
  25  2:17  Probe  
  28  2:29  Probe  
  29  2:38  Twilight Council  
  29  2:42  Probe (Chrono Boost)  
  31  2:46  Probe (Chrono Boost)  
  32  2:51  Probe (Chrono Boost)  
  32  2:55  Probe (Chrono Boost)  
  32  2:56  Probe (Chrono Boost)  
  34  2:59  Robotics Facility  
  35  3:06  Probe (Chrono Boost)  
  35  3:08  Probe (Chrono Boost)  
  36  3:18  Blink (Chrono Boost)  
  38  3:20  Probe (Chrono Boost)  
  38  3:23  Probe (Chrono Boost)  
  38  3:26  Probe (Chrono Boost)  
  38  3:27  Gateway  
  39  3:29  Gateway, Probe  
  39  3:33  Pylon  
  40  3:35  Probe  
  41  3:41  Probe  
  41  3:46  Observer (Chrono Boost)  
  41  3:47  Probe  
  44  3:50  Assimilator  
  44  3:52  Assimilator  
  44  3:53  Probe  
  45  3:58  Pylon  
  45  4:00  Observer (Chrono Boost)  
  46  4:03  Probe, Pylon  
  46  4:05  Probe  
  46  4:07  Stalker  
  50  4:15  Probe  
  51  4:18  Probe  
  51  4:23  Stalker  
  51  4:24  Stalker  
  56  4:27  Probe  
  56  4:30  Probe  
  58  4:35  Stalker  
  60  4:39  Probe  
  60  4:41  Nexus  
  60  4:42  Probe  
  62  4:51  Pylon  
  62  4:52  Probe  
  63  4:54  Probe  
  63  4:55  Robotics Bay  
  63  4:59  Forge  
  63  5:06  Probe x2  
  65  5:11  Pylon  
  65  5:14  Sentry x2  
  67  5:18  Probe x2  
  67  5:19  Charge (Chrono Boost)  
  71  5:27  Gateway x2  
  71  5:29  Gateway  
  71  5:32  Protoss Ground Weapons Level 1 (Chrono Boost)  
  71  5:33  Probe x2  
  73  5:43  Colossus (Chrono Boost)  
  79  5:53  Extended Thermal Lance, Probe  
  79  5:54  Probe  
  81  6:05  Templar Archives  
  81  6:06  Zealot x3, Pylon  
  81  6:10  Pylon  
  87  6:12  Probe x2  
  89  6:24  Colossus (Chrono Boost)  
  89  6:25  Gateway  
  89  6:26  Gateway  
  89  6:30  Probe  
  89  6:31  Assimilator x2, Probe  
  97  6:44  Zealot x5, High Templar  
  109  6:49  Pylon  
  109  6:50  Pylon  
  109  6:59  Pylon  
  109  7:04  Shield Battery  
  109  7:11  Zealot x3, High Templar x2  
  109  7:12  Probe x2  
  109  7:13  Probe  
  122  7:17  Archon  
  122  7:18  Colossus (Chrono Boost)  
  122  7:20  Forge  
  128  7:25  Pylon  
  128  7:29  Photon Cannon  
  128  7:33  Zealot x4  
  130  7:43  High Templar x2  
  134  7:45  Zealot x2  
  134  7:49  Pylon  
  138  7:51  Gateway, Pylon  
  138  7:55  Archon  
  138  8:01  High Templar  
  138  8:03  Zealot x3  
  144  8:06  Colossus (Chrono Boost)  
  150  8:13  Pylon  
  150  8:15  Pylon  
  150  8:16  Zealot x2, High Templar  
  150  8:17  High Templar  
  154  8:23  Archon  
  152  8:32  Zealot x3  
  152  8:34  Zealot  
  152  8:39  Zealot x2  
  136  8:43  Probe  
  133  8:49  Zealot x2  
  133  8:51  Zealot  
  133  8:54  High Templar  
  137  8:55  Zealot x3  
  137  8:59  Archon  
  119  9:11  Zealot x5  
  111  9:19  Stalker x2  
Show
View Real Time Build Order
Export as new Build Order

HeroMarine Terran 

Build Orders: Reaper Expand 

Get SALT Encoding   

  12  0:00  SCV  
  13  0:12  SCV  
  14  0:16  Supply Depot  
  14  0:24  SCV  
  15  0:38  SCV  
  15  0:39  Barracks  
  16  0:43  Refinery  
  16  0:50  SCV  
  17  1:02  SCV  
  18  1:14  SCV  
  19  1:27  Orbital Command, Reaper  
  20  1:47  Command Center  
  20  1:51  Supply Depot  
  20  1:52  SCV  
  21  1:58  Marine  
  22  2:04  SCV  
  22  2:08  Factory  
  23  2:16  SCV  
  23  2:20  Bunker, Marine  
  25  2:28  SCV  
  26  2:32  Refinery  
  26  2:38  Barracks Reactor  
  26  2:40  SCV  
  27  2:52  SCV  
  27  2:54  Hellion  
  30  3:00  Orbital Command, Starport  
  30  3:05  SCV  
  31  3:14  Marine x2  
  31  3:16  Factory Tech Lab  
  31  3:17  SCV  
  34  3:29  SCV x2  
  34  3:32  Marine x2  
  38  3:39  Supply Depot  
  38  3:40  Factory Tech Lab  
  38  3:41  SCV x2  
  39  3:44  Raven  
  42  3:50  Marine x2  
  42  3:53  SCV x2  
  46  4:00  Barracks  
  46  4:03  Barracks  
  46  4:05  SCV x2  
  46  4:06  Supply Depot  
  46  4:07  Marine  
  50  4:10  Siege Tank  
  53  4:17  Supply Depot  
  53  4:18  SCV x2  
  54  4:27  Refinery  
  54  4:28  Engineering Bay  
  54  4:29  Marine  
  54  4:30  SCV x2, Marine  
  58  4:42  SCV x2  
  63  4:47  Marine x2  
  59  4:54  SCV x2  
  59  4:56  Stimpack  
  59  4:59  Terran Infantry Weapons Level 1  
  61  5:01  Supply Depot  
  61  5:02  Refinery, Marine  
  61  5:03  Marine  
  61  5:04  Factory Reactor, Starport Reactor  
  61  5:05  Marine x2  
  61  5:06  SCV x2  
  67  5:16  Command Center  
  67  5:18  Factory Tech Lab, SCV x2  
  69  5:21  Combat Shield  
  69  5:26  Marauder x2  
  73  5:31  Supply Depot  
  73  5:34  Supply Depot  
  73  5:37  Siege Tank  
  73  5:39  SCV x2  
  78  5:48  Marine  
  78  5:53  Marauder, Marine  
  78  5:54  Medivac  
  78  5:55  Medivac, Supply Depot  
  87  6:02  Supply Depot  
  87  6:08  Supply Depot, Marine  
  87  6:10  Siege Tank, Marine  
  92  6:16  Barracks x2  
  92  6:17  SCV x2  
  92  6:20  Marauder  
  92  6:24  Marauder  
  96  6:27  Medivac  
  96  6:29  Medivac  
  97  6:41  Marine x2  
  97  6:42  Marauder  
  97  6:44  SCV x2  
  97  6:45  Marauder  
  103  6:53  Siege Tank  
  106  6:54  Orbital Command  
  106  6:57  SCV x2  
  106  7:00  Terran Infantry Armor Level 1  
  108  7:02  Concussive Shells  
  108  7:03  Marauder  
  108  7:06  Marine x2  
  108  7:07  Marauder, Barracks Reactor  
  108  7:08  Barracks Tech Lab  
  114  7:15  Orbital Command  
  114  7:17  Viking  
  114  7:20  Supply Depot  
  114  7:22  Viking, Supply Depot  
  122  7:30  Marauder x2  
  122  7:31  Marine x2  
  122  7:32  Marauder  
  126  7:42  Siege Tank, SCV x3  
  132  7:46  Marine x2  
  132  7:49  Viking, Supply Depot, Marine x2  
  138  7:55  Viking  
  140  8:01  Marauder x2, Marine  
  140  8:04  Marine  
  146  8:07  Marine  
  146  8:08  Marine  
  136  8:19  Marauder, SCV x2  
  131  8:22  SCV  
  131  8:26  Marauder x2  
  135  8:32  Marine x2  
  120  8:36  Marine  
  120  8:37  Marine  
  120  8:41  Marauder  
  114  8:45  SCV x3  
  114  8:46  Marine  
  114  8:47  Marauder  
  110  9:08  SCV  

Tags
 
Add a new tag
Caveats
  • Supply blocks, unpowered buildings, or Contaminate may cause inaccurate times.
  • Supply counts are checked every 10 seconds.